 Dungeon Crawl Stone Soup version 0.27-a0-242-ge0fc76b88b (webtiles) character file.

Game seed: 16366203205227561430

2720 Borgoz the Carver (level 9, -7/78 HPs)
             Began as a Ghoul Gladiator on Feb 3, 2021.
             Was an Initiate of Ashenzari.
             Mangled by a two-headed ogre
             ... wielding a +0 giant club
              (23 damage)
             ... on level 9 of the Dungeon.
             The game lasted 00:14:12 (9151 turns).

Borgoz the Carver (Ghoul Gladiator)                 Turns: 9151, Time: 00:14:12

Health: -7/78      AC: 16    Str: 19    XL:     9   Next: 66%
Magic:  8/8        EV: 11    Int:  4    God:    Ashenzari [......]
Gold:   510        SH:  0    Dex: 14    Spells: 8/8 levels left

rFire    . . .     SeeInvis +   a - +1 long sword
rCold    + . .     Faith    .   (no shield)
rNeg     + + +     Spirit   .   s - +0 storm dragon scales
rPois    ∞         Reflect  .   h - +1 hat
rElec    +         Harm     .   v - +0 cloak
rCorr    .         Rampage  .   (no gloves)
Will     .....                  t - +0 pair of boots
Stlth    ..........             (no amulet)
HPRegen  0.00/turn              d - ring of see invisible
MPRegen  0.11/turn              i - ring of the Octopus King {rN+ AC+1 EV+1 Str+1 Int+1 Dex+1}

@: no status effects
A: claws 1, cold resistance 1, negative energy resistance 3, inhibited
regeneration, torment resistance, unbreathing
a: Renounce Religion, Curse Item


You were on level 9 of the Dungeon.
You worshipped Ashenzari.
Ashenzari was noncommittal.
You visited 2 branches of the dungeon, and saw 10 of its levels.
You also visited: Ossuary.

You collected 510 gold pieces.

Inventory:

Hand Weapons
 a - a +1 long sword (weapon)
 b - a +2 dagger of speed
 l - a +4 great sword
Armour
 h - a +1 hat (worn)
 s - +0 storm dragon scales (worn)
 t - a +0 pair of boots (worn)
 v - a +0 cloak (worn)
Jewellery
 d - a ring of see invisible (left claw)
 i - a ring of the Octopus King (right claw) {rN+ AC+1 EV+1 Str+1 Int+1 Dex+1}
   (You found it on level 6 of the Dungeon)

   [ring of positive energy]

   It affects your AC (+1).
   It affects your evasion (+1).
   It affects your strength (+1).
   It affects your intelligence (+1).
   It affects your dexterity (+1).
   It protects you from negative energy.
 p - an uncursed ring of flight
Wands
 c - a wand of charming (5)
Scrolls
 e - 2 scrolls of teleportation
 g - 2 scrolls of magic mapping
 j - 2 scrolls of remove curse
Potions
 f - a potion of curing
 k - a potion of resistance {unknown}
 m - 2 potions of might
 n - a potion of heal wounds
 o - 2 potions of mutation {unknown}
 u - 2 potions of flight
 w - a potion of brilliance


   Skills:
 + Level 6.7 Fighting
 * Level 8.0 Long Blades
 - Level 1.7 Throwing
 + Level 5.0 Armour
 + Level 5.9 Dodging


You had 8 spell levels left.
You didn't know any spells.
Your spell library was empty.

Dungeon Overview and Level Annotations

Branches:
Dungeon (9/15)             Temple (1/1) D:5            Lair (0/6) D:8
Ossuary (visited)
    Orc: D:9-12

Altars:
Ashenzari
Cheibriados
Dithmenos
Elyvilon
Fedhas
Gozag
Hepliaklqana
Kikubaaqudgha
Makhleb
Nemelex Xobeh
Qazlal
Ru
Trog
Uskayaw
Vehumet
Wu Jian
Xom
Yredelemnul
The Shining One

Annotations:
D:5 2 runed translucent doors, epen's ghost, novice NaFi


Innate Abilities, Weirdness & Mutations

You thrive by killing the living.
You are immune to poison.
You have sharp fingernails.
Your flesh is cold resistant. (rC+)
You are immune to negative energy. (rN+++)
You do not regenerate when monsters are visible.
You are immune to unholy pain and torment.
You can survive without breathing.


Message History

* * * LOW HITPOINT WARNING * * *
You feel much better.
You hit the two-headed ogre.
The two-headed ogre is moderately wounded.
The two-headed ogre closely misses you. The two-headed ogre barely misses you.
You feel much better.
The two-headed ogre hits you but does no damage.
The two-headed ogre hits you with a cursed -2 giant spiked club!!
Your storm dragon scales prevents you from hitting the two-headed ogre.
The two-headed ogre is moderately wounded.
The two-headed ogre hits you with a +0 giant club!
The two-headed ogre hits you with a cursed -2 giant spiked club!
* * * LOW HITPOINT WARNING * * *
You completely miss the two-headed ogre.
The two-headed ogre is moderately wounded.
You slash the two-headed ogre!
The two-headed ogre is heavily wounded.
The two-headed ogre barely misses you.
The two-headed ogre hits you with a cursed -2 giant spiked club!!
You die...

####.## .### ##........
..... #......... .....####
#......... ........#
#.......≈. .....[..#######
#.........
........O@...<###.........
.........###..............
+##......########<.....##
....####.#.>...........#
... .<.......).#....# ..
#...#####.).....# +
#.......)))...#.#
###...............
#####.......#|##.


You could see a two-headed ogre.

Vanquished Creatures
  A yak (D:8)
  Menkaure (D:4)
  An orc warrior (D:8)
  An ogre (D:6)
  2 ice beasts
  A centaur (D:9)
  A big kobold (D:7)
  5 bullfrogs
  A wyvern zombie (D:6)
  4 killer bees (D:7)
  12 wights
  A howler monkey (D:6)
  3 bullfrog zombies
  2 centaur zombies
  A quasit (D:6)
  A jelly (D:8)
  Crazy Yiuf (D:4)
  A human zombie (Ossuary)
  An orc priest (D:5)
  4 bullfrog skeletons (D:5)
  A centaur skeleton (D:5)
  An iguana (D:5)
  2 worker ants
  An orc wizard (D:9)
  A big kobold zombie (Ossuary)
  2 hound zombies
  A hound skeleton (D:5)
  4 mummies
  A howler monkey skeleton (D:4)
  8 adders
  A shadow imp (D:4)
  3 white imps
  3 adder zombies
  An adder skeleton (D:4)
  A worm (D:5)
  2 dart slugs
  2 leopard geckos
  18 orcs
  4 ball pythons
  5 giant cockroaches
  3 gnoll zombies (Ossuary)
  9 hobgoblins
  5 jackals
  12 kobolds
  A quokka (D:4)
  4 bats
  3 frilled lizards
  4 goblins (D:1)
  3 goblin zombies
  9 hobgoblin zombies (Ossuary)
  2 jackal zombies (Ossuary)
  5 kobold zombies (Ossuary)
  An orc zombie (Ossuary)
  5 quokka zombies (Ossuary)
  7 rats
  A rat zombie (Ossuary)
181 creatures vanquished.

Vanquished Creatures (others)
  3 plants (D:2)
3 creatures vanquished.

Grand Total: 184 creatures vanquished

Notes
Turn   | Place    | Note
-------+----------+-------------------------------------------
     0 | D:1      | Borgoz the Ghoul Gladiator began the quest for the Orb.
     0 | D:1      | Reached XP level 1. HP: 17/17 MP: 0/0
    26 | D:1      | Reached XP level 2. HP: 18/25 MP: 1/1
   182 | D:1      | Reached skill level 3 in Long Blades
   428 | D:1      | Reached XP level 3. HP: 30/30 MP: 2/2
   830 | D:2      | Reached skill level 1 in Armour
   984 | D:2      | Reached XP level 4. HP: 35/37 MP: 3/3
  1305 | D:2      | Found a glowing golden altar of the Shining One.
  1435 | D:2      | Found a sparkling altar of Nemelex Xobeh.
  1531 | D:2      | Found a glowing golden altar of the Shining One.
  1945 | D:3      | Found a shadowy altar of Dithmenos.
  2009 | D:3      | Found a basalt altar of Yredelemnul.
  2088 | D:3      | Found an ornate altar of the Wu Jian Council.
  2316 | D:4      | Reached XP level 5. HP: 45/45 MP: 4/4
  2358 | D:4      | Noticed Menkaure
  2373 | D:4      | Killed Menkaure
  2374 | D:4      | Reached skill level 4 in Long Blades
  2374 | D:4      | Reached XP level 6. HP: 9/51 MP: 5/5
  2774 | D:4      | Found a runed translucent door.
  2775 | D:4      | Noticed Crazy Yiuf
  3012 | D:4      | Killed Crazy Yiuf
  3076 | D:5      | Entered Level 5 of the Dungeon
  3174 | D:5      | Found a sand-covered staircase.
  3291 | Ossuary  | Entered an ossuary
  3677 | Ossuary  | Reached XP level 7. HP: 59/59 MP: 6/6
  3707 | Ossuary  | Reached skill level 5 in Long Blades
  4369 | D:5      | Found an ancient bone altar of Kikubaaqudgha.
  4611 | D:5      | Found a large runed translucent door.
  4617 | D:5      | Found a large runed translucent door.
  4617 | D:5      | Noticed epen's ghost (novice NaFi)
  4851 | D:5      | Found a staircase to the Ecumenical Temple.
  4878 | Temple   | Entered the Ecumenical Temple
  5149 | D:6      | Found the ring of the Octopus King
  5192 | D:6      | Got a ring of the Octopus King
  5377 | D:6      | Identified a ring of the Octopus King {rN+ AC+1 EV+1 Str+1
                  | Int+1 Dex+1} (You found it on level 6 of the Dungeon)
  5456 | D:6      | Reached XP level 8. HP: 67/67 MP: 7/7
  5459 | D:6      | You fall into a shaft and drop 1 floor!
  5634 | D:6      | Reached skill level 5 in Fighting
  5634 | D:6      | Reached skill level 6 in Long Blades
  6318 | D:7      | Reached skill level 5 in Dodging
  6966 | D:7      | Found a broken altar of Ashenzari.
  7020 | D:7      | Became a worshipper of Ashenzari the Shackled
  7043 | D:7      | Reached skill level 7 in Long Blades
  7043 | D:7      | Reached XP level 9. HP: 67/75 MP: 8/8
  7868 | D:8      | Found a stormy altar of Qazlal.
  7958 | D:8      | Found a staircase to the Lair.
  9092 | D:9      | Reached skill level 5 in Armour
  9101 | D:9      | Reached skill level 8 in Long Blades
  9134 | D:9      | Noticed a two-headed ogre
  9151 | D:9      | Mangled by a two-headed ogre

Illustrated notes

Levels and vault maps discovered:
D:1:      giann_horns, layout_basic, minmay_misc_feat_nine_boxes
D:2:      cheibrodos_old_hovel, layout_loops_ring,
          lemuel_coloured_pillars_altar, general_overflow_altar, tso_metal_star
D:3:      layout_basic, old_standard_altar, nzn_wu_jian_contemplation,
          yredelemnul_altar_generic, serial_bayou_crossing
D:4:      layout_cave_pools, uniq_crazy_yiuf_cottage, uniq_menkaure
D:5:      layout_gridville, kiku_gazebo_garden_becter, temple_statues,
          ebering_ghost_disaster_area, nicolae_ossuary_entry_giza,
          corexii_corridor_pit, corexii_leaking_fountain, minivault_1
D:6:      layout_cave_pools
D:7:      layout_cave_pods, old_standard_altar
D:8:      layout_basic, nicolae_qazlal_style_of_elements, lair_entry_dummy
D:9:      layout_basic, chequers_temple_overflow_statue_of_worship, special_room
          [special_room_bee], serial_shops, shop
Temple:   chequers_temple_sunken

Skill      XL: |  1  2  3  4  5  6  7  8  9 |
---------------+----------------------------+-----
Long Blades    | 3 4 5 7 8 |  8.0
Dodging        | 3 4 5 |  5.9
Armour         | 1 2 3 4 5 |  5.0
Fighting       | 3 4 5 6 |  6.7
Throwing       | |  1.7

Action                   |  1- 3 |  4- 6 |  7- 9 || total
-------------------------+-------+-------+-------++-------
Melee: Long sword        |    20 |   107 |   446 ||   573
       Dagger            |    81 |   159 |       ||   240
Throw: Throwing net      |       |     6 |     1 ||     7
  Use: Scroll            |       |    10 |     7 ||    17
       Potion            |       |     1 |     7 ||     8
 Stab: Held in net/web   |       |     3 |     1 ||     4
Armor: Leather armour    |    24 |    75 |   138 ||   237
       Storm dragon scal |       |       |    55 ||    55
Dodge: Dodged            |    55 |   161 |   426 ||   642
       Rpst.: Long sword |     9 |    25 |   124 ||   158

Table legend: (Time is in decaauts)
 A = Elapsed time spent in this place.
 B = Non-inter-level travel time spent in this place.
 C = Inter-level travel time spent in this place.
 D = Time resting spent in this place.
 E = Time spent auto-exploring this place.
 F = Levels seen in this place.
 G = Mean time per level.
                   A        B        C        D        E       F      G
               +--------+--------+--------+--------+--------+-----+--------+
         Total |   9128 |   8806 |    322 |   2273 |   4813 |  11 |  829.8 |
       Dungeon |   8022 |   7719 |    303 |   1600 |   4772 |   9 |  891.3 |
        Temple |     69 |     50 |     19 |      0 |     26 |   1 |   69.0 |
       Ossuary |   1037 |   1037 |      0 |    673 |     14 |   1 | 1037.0 |
               +--------+--------+--------+--------+--------+-----+--------+

Top non-repeatable levels by time:
     D:7: 1718 daAuts
     D:8: 1261 daAuts
 Ossuary: 1037 daAuts
     D:5: 1009 daAuts
     D:6: 958 daAuts
     D:4: 893 daAuts
     D:2: 854 daAuts
     D:1: 689 daAuts
     D:3: 558 daAuts
     D:9: 78 daAuts
  Temple: 69 daAuts
